 Dungeon Crawl Stone Soup version 0.23.2-40-g277498a001 (webtiles) character file.

Game seed: 7713296196730829611

126 DenSaoPin the Shield-Bearer (level 4, -6/41 HPs)
             Began as a Minotaur Fighter on Oct 10, 2019.
             Killed by nerve-wracking pain
             ... invoked by Grinder
              (12 damage)
             ... on level 3 of the Dungeon.
             The game lasted 00:03:47 (1860 turns).

DenSaoPin the Shield-Bearer (Minotaur Fighter)      Turns: 1860, Time: 00:03:48

Health: -6/41      AC:  7    Str: 22    XL:     4   Next: 84%
Magic:  3/3        EV:  7    Int:  5    God:
Gold:   75         SH: 10    Dex:  9    Spells: 3/3 levels left

rFire    . . .     SeeInvis .   a - +0 war axe
rCold    . . .     Gourm    .   c - +0 shield
rNeg     . . .     Faith    .   b - +0 scale mail
rPois    .         Spirit   .   (helmet restricted)
rElec    .         Reflect  .   (no cloak)
rCorr    .         Harm     .   (no gloves)
MR       .....                  (no boots)
Stlth    ..........             (no amulet)
HPRegen  0.13/turn              (no ring)
MPRegen  0.08/turn              (no ring)

@: about to teleport
A: retaliatory headbutt, horns 2
a: no special abilities


You were on level 3 of the Dungeon.
You were not hungry.

You visited 1 branch of the dungeon, and saw 3 of its levels.

You collected 75 gold pieces.

Inventory:

Hand Weapons
 a - a +0 war axe (weapon)
 r - a +2 dagger of speed
Armour
 b - a +0 scale mail (worn)
 c - a +0 shield (worn)
 j - a scarf of cloud immunity
 m - a +2 pair of gloves
Jewellery
 h - an uncursed ring of fire {unknown}
 i - an uncursed ring of protection from fire {unknown}
Scrolls
 k - 2 scrolls of identify {unknown}
 n - a scroll of blinking {unknown}
 o - a scroll of amnesia {unknown}
 q - a scroll of enchant weapon {unknown}
Potions
 d - a potion of might
 e - a potion of resistance {unknown}
 g - a potion of flight {unknown}
 l - 2 potions of curing {unknown}
 p - a potion of lignification {unknown}
 t - a potion of ambrosia {unknown}
Comestibles
 f - 2 rations
 u - a chunk of flesh


   Skills:
 + Level 4.4 Fighting
 + Level 3.6 Axes
 + Level 4.3 Armour
 + Level 5.0 Shields


You had 3 spell levels left.
You didn't know any spells.
Your spell library was empty.

Dungeon Overview and Level Annotations

Branches:
Dungeon (3/15)

Altars:
Cheibriados

Annotations:
D:3 Grinder


Innate Abilities, Weirdness & Mutations

You reflexively headbutt those who attack you in melee.
You have a pair of horns on your head.


Message History

You closely miss Grinder.
Grinder is moderately wounded.
You block Grinder's attack. Grinder gestures at you.
Pain shoots through your body!
Grinder blinks!
Grinder blinks!
Grinder gestures at you. Pain shoots through your body!
* * * LOW HITPOINT WARNING * * *
There is a stone staircase leading up here.
Found a scroll labeled SAPPAH OWIESCH.
A hobgoblin comes into view. It is wielding a +0 club.
The hobgoblin shouts!
Found 25 sling bullets.
As you read the scroll labeled JIS YRUGRICRU, it crumbles to dust.
You feel strangely unstable.
It was a scroll of teleportation.
Grinder gestures at you. Pain shoots through your body!
You die...

# . #. .# #? #.#
.####.#####.#
(.g......##.#
.........+!.# #
.......@.#..# .#
........5#..########.#
...........>.......?..
#####.+##...<...%#.#+#+#
... #........#......
..... #...............
.... #...............
.... #.......)##.....
##........+.....


You could see Grinder and a hobgoblin.

Vanquished Creatures
  Jessica (D:2)
  Terence (D:2)
  4 adders (D:2)
  2 worms
  A dart slug (D:2)
  2 leopard geckos (D:2)
  A giant cockroach (D:1)
  3 goblins
  5 hobgoblins
  4 jackals (D:1)
  2 bats (D:1)
  2 frilled lizards (D:1)
  2 kobolds
  2 rats (D:1)
32 creatures vanquished.

Notes
Turn   | Place    | Note
-------+----------+-------------------------------------------
     0 | D:1      | DenSaoPin the Minotaur Fighter began the quest for the Orb.
     0 | D:1      | Reached XP level 1. HP: 19/19 MP: 0/0
   136 | D:1      | Reached XP level 2. HP: 27/27 MP: 1/1
   300 | D:1      | Reached skill level 4 in Shields
   815 | D:2      | Noticed Terence
   820 | D:2      | Killed Terence
   820 | D:2      | Reached XP level 3. HP: 30/33 MP: 2/2
   940 | D:2      | Reached XP level 4. HP: 41/41 MP: 3/3
  1116 | D:2      | Noticed Jessica
  1127 | D:2      | Killed Jessica
  1127 | D:2      | Reached skill level 5 in Shields
  1455 | D:2      | Found a snail-covered altar of Cheibriados.
  1833 | D:3      | Noticed Grinder
  1840 | D:3      | Paralysed by Grinder for 3 turns
  1860 | D:3      | Killed from afar by Grinder

Skill      XL: |  1  2  3  4 |
---------------+-------------+-----
Shields        | 4 5 |  5.0
Armour         | 4 |  4.3
Fighting       | 4 |  4.4
Axes           | 3 |  3.6

Action                   |  1- 3 |  4- 6 || total
-------------------------+-------+-------++-------
Melee: War axe           |    45 |    33 ||    78
       Headbutt          |     5 |     9 ||    14
  Use: Scroll            |       |     1 ||     1
  Eat: Chunk             |       |     3 ||     3
Armor: Scale mail        |    22 |    11 ||    33
Dodge: Dodged            |    19 |     6 ||    25
Block: Shield            |    35 |    16 ||    51
